Map: 라이트쉐이드 - 래더

Players

MaxPax - Winner!

  • Race: Protoss Protoss
  • Spawn Location: 5:00

LiquidClem (Clem)

  • Race: Terran Terran
  • League: Master
  • Spawn Location: 11:00

VOD

Have the link to the VOD?

Description

Time

  • Played on: Feb. 2, 2021, 1:20 p.m.
  • Length: 4:59
Show
View Real Time Build Order
Export as new Build Order

MaxPax Protoss - Winner!

Build Orders: 1 Gate Expand, Proxy Void Ray 

Get SALT Encoding   

  12  0:00  Probe  
  13  0:12  Probe  
  14  0:20  Pylon  
  14  0:24  Probe  
  15  0:38  Probe  
  15  0:41  Gateway  
  16  0:50  Probe  
  17  1:09  Nexus  
  17  1:14  Assimilator  
  17  1:18  Probe  
  18  1:26  Zealot (Chrono Boost)  
  20  1:33  Cybernetics Core  
  20  1:36  Probe  
  21  1:47  Pylon  
  21  1:49  Probe  
  22  1:58  Assimilator  
  22  2:01  Probe  
  22  2:07  Pylon, Adept (Chrono Boost)  
  23  2:13  Probe  
  26  2:25  Probe  
  27  2:34  Stargate  
  25  2:37  Probe  
  25  2:39  Probe  
  25  2:41  Adept  
  29  2:50  Probe  
  29  2:51  Probe  
  31  3:02  Warp Gate, Probe  
  31  3:03  Probe  
  33  3:10  Void Ray (Chrono Boost)  
  33  3:13  Shield Battery  
  33  3:14  Probe  
  38  3:20  Adept (Chrono Boost)  
  38  3:25  Probe  
  41  3:32  Pylon  
  41  3:43  Probe  
  41  3:45  Probe  
  41  3:46  Void Ray (Chrono Boost)  
  43  3:55  Shield Battery, Probe  
  48  3:57  Probe  
  48  4:00  Shield Battery  
  49  4:07  Pylon, Probe  
  51  4:10  Probe  
  51  4:17  Void Ray (Chrono Boost)  
  55  4:26  Probe  
  55  4:27  Shield Battery  
  55  4:28  Probe  
  57  4:39  Shield Battery, Probe  
  57  4:40  Probe  
  57  4:48  Gateway  
  57  4:49  Gateway  
Show
View Real Time Build Order
Export as new Build Order

LiquidClem Terran 

Build Orders:  

Get SALT Encoding   

  12  0:00  SCV  
  13  0:12  SCV  
  14  0:17  Supply Depot  
  14  0:24  SCV  
  15  0:38  SCV  
  15  0:40  Barracks  
  16  0:43  Refinery  
  16  0:50  SCV  
  17  1:02  SCV  
  18  1:14  SCV  
  19  1:26  Marine  
  19  1:27  Orbital Command  
  20  1:40  Command Center  
  20  1:44  Barracks Tech Lab  
  20  1:52  Supply Depot  
  20  1:53  SCV  
  21  2:02  Marauder  
  21  2:03  Concussive Shells  
  23  2:13  SCV  
  24  2:16  Barracks  
  24  2:24  Marauder  
  24  2:25  SCV  
  27  2:37  SCV  
  28  2:45  Marine  
  28  2:49  SCV  
  28  2:50  Stimpack  
  30  2:54  Engineering Bay  
  30  2:57  Orbital Command  
  30  3:02  SCV  
  30  3:04  Marine  
  30  3:05  Barracks Reactor  
  32  3:14  SCV  
  33  3:22  Marine, SCV  
  33  3:25  Supply Depot  
  33  3:26  SCV  
  36  3:34  SCV  
  36  3:38  SCV  
  36  3:40  Marine  
  39  3:42  Command Center  
  39  3:43  Marine  
  39  3:44  Marine  
  39  3:48  SCV  
  42  3:50  SCV  
  42  3:58  Marine  
  42  4:01  Marine  
  42  4:02  Marine  
  44  4:03  Missile Turret  
  44  4:07  SCV x2  
  44  4:11  Missile Turret  
  44  4:15  Marine  
  44  4:19  Marine, SCV x2  
  44  4:20  Marine  
  47  4:25  Barracks  
  46  4:33  Marine  
  46  4:34  SCV  
  46  4:35  SCV  
  46  4:36  Marine  
  46  4:37  Marine  
  40  4:46  SCV  
Tags
 
Add a new tag
Caveats
  • Supply blocks, unpowered buildings, or Contaminate may cause inaccurate times.
  • Supply counts are checked every 10 seconds.